 Dungeon Crawl Stone Soup version 0.17.1-3-g152610e (webtiles) character file.

133 Jerry the Caller (level 4, -11/30 HPs)
             Began as a Mummy Wizard on Mar 3, 2016.
             Mangled by MixedWithMadness's ghost (22 damage)
             ... on level 3 of the Dungeon.
             The game lasted 00:30:16 (4380 turns).

Jerry the Caller (Mummy Wizard)                     Turns: 4380, Time: 00:30:16

Health: -11/30     AC:  2    Str: 10    XL:     4   Next: 93%
Magic:  0/8        EV: 12    Int: 18    God:
Gold:   82         SH:  0    Dex: 10    Spells: 3 memorised, 3 levels left

rFire  x . .     SeeInvis .     i - +3 trident
rCold  + . .     Clarity  .     a - +0 robe
rNeg   + + +     SustAt   .     (no shield)
rPois  ∞         Gourm    .     b - +0 hat
rElec  .         Spirit   .     (no cloak)
rCorr  .         Warding  .     (no gloves)
rMut   .         Stasis   .     (no boots)
MR     .....                    (no amulet)
Stlth  ++........               (no ring)
                                j - ring of flight

@: not resistant to hostile enchantments, unstealthy
A: no food or potions, fire vulnerability, cold resistance 1, negative energy
resistance 3, torment resistance, unbreathing
a: Evoke Flight


You were on level 3 of the Dungeon.
You were not hungry.

You visited 1 branch of the dungeon, and saw 3 of its levels.
You also visited: Sewer.

You collected 82 gold pieces.

Inventory:

Hand Weapons
 d - a +1 whip of distortion
 e - a +0 vampiric spear
 f - a +0 hunting sling
 h - a +0 dagger
 i - a +3 trident (weapon)
Armour
 a - a +0 robe (worn)
 b - a +0 hat (worn)
 m - a +0 cloak
Jewellery
 j - a ring of flight (left hand)
Wands
 g - a wand of disintegration (11)
Scrolls
 l - 2 scrolls of teleportation
Books
 c - a book of Minor Magic

   Spells                             Type                      Level
   a - Magic Dart                     Conjuration                  1
   b - Blink                          Translocation                2
   c - Call Imp                       Summoning                    2
   d - Repel Missiles                 Charms/Air                   2
   e - Slow                           Hexes                        2
   f - Conjure Flame                  Conjuration/Fire             3
   g - Mephitic Cloud                 Conjuration/Poison/Air       3


   Skills:
 - Level 1.5 Dodging
 - Level 1.5 Stealth
 - Level 3.0 Spellcasting
 - Level 1.7 Conjurations
 * Level 3.5 Summonings
   Level 0.7 Translocations


You had 3 spell levels left.
You knew the following spells:

 Your Spells              Type           Power        Failure   Level  Hunger
a - Magic Dart            Conj           #...         12%         1    N/A
b - Call Imp              Summ           ###.....     8%          2    N/A
c - Mephitic Cloud        Conj/Pois/Air  #.......     43%         3    N/A

Dungeon Overview and Level Annotations

Branches:
Dungeon (3/15)

Altars:
Cheibriados
Makhleb
Okawaru
Ru

Annotations:
D:3 MixedWithMadness's ghost, amateur DgFi


Innate Abilities, Weirdness & Mutations

You do not eat or drink.
Your flesh is vulnerable to fire.
You are immune to poison.
Your flesh is cold resistant.
You are immune to negative energy.
You are immune to unholy pain and torment.
You can survive without breathing.


Message History

Your crimson imp barely misses MixedWithMadness's ghost.
Your crimson imp hits MixedWithMadness's ghost but does no damage.
Your crimson imp hits MixedWithMadness's ghost.
Casting: Call Imp
Confirm with . or Enter, or press ? or * to list all spells.
A beastly little devil appears in a puff of flame.
You swap places.
MixedWithMadness's ghost hits your crimson imp!!
Your crimson imp dies!
Your crimson imp closely misses MixedWithMadness's ghost.
Your crimson imp disappears in a puff of smoke!
You closely miss MixedWithMadness's ghost.
MixedWithMadness's ghost is moderately damaged.
MixedWithMadness's ghost hits you!
Casting: Call Imp
Confirm with . or Enter, or press ? or * to list all spells.
A shadowy apparition takes form in the air.
MixedWithMadness's ghost hits you!!
Ouch! That really hurt!
You die...

## #.# #.#
#.########
#.#......#
#.#.##.###
#.#.##.#
#.#.##5#
#.#5#W.#
.######.#.#@##
..........#5#
..........#.#
....###.#.#.#
###. ##.#...#
#. #......# #.
#..###.#
#.##..###.#
#.........#


You could see MixedWithMadness's ghost and 2 friendly shadow imps.

Vanquished Creatures
  A gnoll (D:3)
  A worm (D:2)
  4 giant geckos
  3 orcs (D:3)
  2 ball pythons (Sewer)
  8 goblins
  7 hobgoblins
  3 jackals (D:1)
  3 kobolds
  A quokka (D:3)
  4 bats
  5 giant cockroaches
  4 giant newts
  6 rats
52 creatures vanquished.

Vanquished Creatures (collateral kills)
  4 adders
  3 gnolls (D:3)
  A river rat (Sewer)
  8 orcs (D:3)
  A bat (D:3)
  A goblin (D:3)
  A hobgoblin (D:1)
  4 jackals (D:3)
  4 ball pythons (Sewer)
  5 giant newts
  A kobold (D:3)
  4 rats
37 creatures vanquished.

Grand Total: 89 creatures vanquished

Notes
Turn   | Place    | Note
--------------------------------------------------------------
     0 | D:1      | Jerry the Mummy Wizard began the quest for the Orb.
     0 | D:1      | Reached XP level 1. HP: 13/13 MP: 4/4
    37 | D:1      | Reached skill level 1 in Conjurations
   507 | D:1      | Reached XP level 2. HP: 11/19 MP: 6/6
   511 | D:1      | Learned a level 2 spell: Call Imp
   807 | D:1      | Reached skill level 1 in Summonings
  1452 | D:2      | Found an iron altar of Okawaru.
  1534 | D:2      | Reached XP level 3. HP: 24/24 MP: 4/7
  1567 | D:2      | Learned a level 3 spell: Mephitic Cloud
  1671 | D:2      | Found a burning altar of Makhleb.
  1671 | D:2      | Found a snail-covered altar of Cheibriados.
  2843 | D:3      | Found a glowing drain.
  2851 | Sewer    | Entered a sewer
  3255 | Sewer    | Reached XP level 4. HP: 13/30 MP: 3/8
  4161 | D:3      | Found a sacrificial altar of Ru.
  4345 | D:3      | Noticed MixedWithMadness's ghost (amateur DgFi)
  4380 | D:3      | Mangled by MixedWithMadness's ghost

Action                   |  1- 3 |  4- 6 || total
-------------------------+-------+-------++-------
Melee: Dagger            |    97 |    23 ||   120
       Unarmed           |    14 |       ||    14
       Spear             |       |    26 ||    26
       Trident           |       |    15 ||    15
 Cast: Magic Dart        |    70 |     8 ||    78
       Call Imp          |    21 |    28 ||    49
  Use: Scroll            |     4 |     2 ||     6
 Stab: Sleeping          |     1 |       ||     1
